 Dungeon Crawl Stone Soup version 0.30-a0-122-g2a1322497e (webtiles) character file.

Game seed: 15692310491937595394

1856 Newt the Chopper (level 8, 0/52 (54) HPs)
             Began as a Demonspawn Gladiator on Sept 16, 2022.
             Was a Follower of Wu Jian.
             Killed from afar by a steam dragon (3 damage)
             ... with a ball of steam
             ... on level 7 of the Dungeon.
             The game lasted 00:06:22 (5956 turns).

Newt the Chopper (Demonspawn Gladiator)             Turns: 5956, Time: 00:06:23

HP:   0/52 (54)     AC:  9    Str: 15    XL:     8   Next: 89%
MP:   8/8           EV: 14    Int:  8    God:    Wu Jian [*.....]
Gold: 318           SH:  0    Dex: 20    Spells: 7/7 levels left

rFire   + . .      SeeInvis .    u - +2 hand axe (flame)
rCold   . . .      Faith    .    (no shield)
rNeg    . . .      Spirit   .    b - +0 leather armour
rPois   .          Reflect  .    (helmet restricted)
rElec   .          Harm     .    k - +0 cloak
rCorr   .          Rampage  .    B - +0 pair of gloves
Will    .....                    (no boots)
Stlth   ++........               j - amulet of regeneration
HPRegen 0.97/turn                l - ring of protection from fire
MPRegen 0.11/turn                r - +4 ring of protection

@: lightly drained
A: demonic guardian 1, condensation shield, weakness stinger 1, horns 1, agile
1, frail 1
a: Renounce Religion


You were on level 7 of the Dungeon.
You worshipped Wu Jian.
Wu Jian was aware of your devotion.
You visited 1 branch of the dungeon, and saw 7 of its levels.

You collected 318 gold pieces.

Inventory:

Hand Weapons
 a - a +0 rapier
 o - a +1 dagger of speed
 u - a +2 hand axe of flaming (weapon)
 v - a +2 spear of freezing
Missiles
 d - 2 throwing nets (quivered)
 e - a javelin
 m - 6 poisoned darts
 A - 7 boomerangs
Armour
 b - a +0 leather armour (worn)
 c - a +0 helmet
 k - a +0 cloak (worn)
 B - a +0 pair of gloves (worn)
Jewellery
 j - an amulet of regeneration (around neck)
 l - a ring of protection from fire (left hand)
 r - a +4 ring of protection (right hand)
Scrolls
 p - a scroll of magic mapping
 q - a scroll of silence
 w - a scroll of enchant armour {unknown}
 x - 2 scrolls of teleportation
 y - a scroll of fog
 z - a scroll of brand weapon {unknown}
Potions
 f - a potion of resistance
 g - a potion of flight
 h - a potion of mutation
 i - a potion of berserk rage {unknown}
 n - a potion of might {unknown}
 s - a potion of attraction {unknown}
 t - a potion of curing {unknown}


   Skills:
 - Level 4.0 Fighting
 - Level 4.0 Short Blades
 + Level 5.8(6.6) Axes
 * Level 4.6(6.0) Maces & Flails
 - Level 4.0 Throwing
 - Level 2.0 Armour
 - Level 4.0 Dodging
 - Level 2.0 Stealth


You had 7 spell levels left.
You didn't know any spells.
Your spell library contained the following spells:

 Spells                   Type           Power      Damage    Failure   Level
 Sublimation of Blood     Necr           0%         N/A       63%         2
 Wereblood                Tmut           0%         N/A       63%         2
 Summon Hydra             Summ           0%         N/A       100%        7


Dungeon Overview and Level Annotations

Branches:
Dungeon (7/15)             Temple (0/1) D:6

Altars:
Dithmenos
Hepliaklqana
Wu Jian
Xom


Innate Abilities, Weirdness & Mutations

A weak demonic guardian rushes to your aid.
A meltable shield of frost defends you. (SH +0)
You have a small tail.
You have a pair of small horns on your head.
You are agile. (Dex +4, Str/Int -1)
You are frail. (-10% HP)


Message History

You closely miss the wight.
The wight hits you with a +4 short sword!
Unknown command.
You hit the steam dragon but do no damage.
You barely miss the wight. The steam dragon bites you!
A demonic guardian appears!
The steam dragon claws you. The wight closely misses you.
Unknown command.
You hit the steam dragon but do no damage.
You hit the wight but do no damage.
The wight hits you with a +4 short sword!
* * * LOW HITPOINT WARNING * * *
You feel drained.
* * * LOW HITPOINT WARNING * * *
The steam dragon closely misses you. The steam dragon misses you.
Your quasit bites the steam dragon but does no damage.
Your quasit claws the steam dragon but does no damage.
Your quasit closely misses the steam dragon.
You slash the steam dragon! You burn the steam dragon.
Your tail-slap misses the steam dragon.
The steam dragon is heavily wounded.
You closely miss the wight.
The wight hits you with a +4 short sword.
* * * LOW HITPOINT WARNING * * *
A shadow imp comes into view.
The steam dragon bites you.
* * * LOW HITPOINT WARNING * * *
The steam dragon claws you.
* * * LOW HITPOINT WARNING * * *
Your quasit barely misses the steam dragon.
Your quasit claws the steam dragon but does no damage. x2
It was a potion of mutation.
You feel extremely strange.
You feel agile.
You feel frail. A pair of horns grows on your head!
Your +0 helmet falls away!
Your quasit bites the steam dragon but does no damage.
Your quasit closely misses the steam dragon.
Your quasit claws the steam dragon but does no damage.
The steam dragon breathes steam at you. The ball of steam hits you. You resist.
You die...

.............#
.....5.......#
.............##
..............#
.........$....#
#....5......#
#..#D)z..#
.#...)@#.#
.....)....#
..........#####
..........<...#
..........###.#
...........
............
.............
.#.....####!


You could see a steam dragon (catching breath, ally target), a wight, a shadow
imp and a friendly quasit (summoned).

Vanquished Creatures
  Sigmund (D:5)
  A steam dragon (D:7)
  A water moccasin (D:6)
  An ice beast (D:6)
  An ogre (D:5)
  A phantom (D:5)
  2 bullfrogs
  3 scorpions
  A wight (D:7)
  The ghost of Ofeo the Sneak, a weakling PaDe (D:3)
  A howler monkey (D:4)
  4 hounds
  A jelly (D:4)
  An orc priest (D:5)
  Terence (D:2)
  2 iguanas (D:4)
  4 orc wizards
  6 adders
  4 gnolls (D:3)
  A white imp (D:7)
  An ufetubus (D:4)
  A worm (D:3)
  4 dart slugs
  25 orcs
  8 ball pythons
  9 endoplasms
  2 giant cockroaches
  8 goblins
  9 hobgoblins
  4 jackals
  5 quokkas
  6 bats
  4 frilled lizards
  5 kobolds
  9 rats
138 creatures vanquished.

Vanquished Creatures (collateral kills)
  An orc warrior (D:6)
  A hound (D:4)
  An orc priest (D:5)
  An iguana (D:5)
  An orc wizard (D:4)
  An orc (D:6)
  A goblin (D:4)
  A ball python (D:4)
8 creatures vanquished.

Vanquished Creatures (others)
  A wight (D:7)
  An orc (D:7)
  6 demonic plants (D:2)
  8 fungi (D:2)
  7 plants (D:2)
  2 withered plants (D:2)
25 creatures vanquished.

Grand Total: 171 creatures vanquished

Notes
Turn   | Place    | Note
-------+----------+-------------------------------------------
     0 | D:1      | Newt the Demonspawn Gladiator began the quest for the Orb.
     0 | D:1      | Reached XP level 1. HP: 16/16 MP: 1/1
    54 | D:1      | Reached skill level 1 in Stealth
    71 | D:1      | Gained mutation: A meltable shield of frost defends you.
                  | (SH +0) [demonic ancestry]
    71 | D:1      | Reached XP level 2. HP: 22/22 MP: 2/2
   923 | D:2      | Reached XP level 3. HP: 28/28 MP: 3/3
  1020 | D:2      | Noticed Terence
  1042 | D:2      | Killed Terence
  1485 | D:2      | Gained mutation: You have a small tail. [demonic ancestry]
  1485 | D:2      | Reached XP level 4. HP: 26/37 MP: 4/4
  1658 | D:2      | Found a faded altar of an unknown god.
  2389 | D:3      | Found a runed translucent gate.
  2389 | D:3      | Found a runed translucent gate.
  2389 | D:3      | Found a runed translucent gate.
  2393 | D:3      | Noticed Ofeo's ghost (weakling PaDe)
  2427 | D:3      | Killed Ofeo's ghost
  2428 | D:3      | Gained mutation: A weak demonic guardian rushes to your
                  | aid. [demonic ancestry]
  2428 | D:3      | Reached XP level 5. HP: 29/42 MP: 5/5
  2702 | D:3      | Found a shimmering altar of Xom.
  3309 | D:4      | Reached XP level 6. HP: 48/48 MP: 6/6
  3427 | D:4      | You fall into a shaft and drop 1 floor!
  3427 | D:5      | Entered Level 5 of the Dungeon
  3594 | D:4      | Reached skill level 1 in Armour
  3694 | D:4      | Found an ornate altar of the Wu Jian Council.
  3813 | D:4      | Reached skill level 1 in Axes
  3817 | D:4      | Reached skill level 1 in Maces & Flails
  3833 | D:4      | Reached skill level 2 in Axes
  3869 | D:4      | Reached XP level 7. HP: 54/54 MP: 7/7
  3912 | D:4      | Found a shadowy altar of Dithmenos.
  4148 | D:4      | Became a worshipper of the Wu Jian Council
  4293 | D:5      | Reached skill level 3 in Axes
  4312 | D:5      | Noticed Sigmund
  4326 | D:5      | Reached skill level 4 in Axes
  4349 | D:5      | Killed Sigmund
  4350 | D:5      | Reached XP level 8. HP: 14/60 MP: 8/8
  5078 | D:6      | Found a hazy altar of Hepliaklqana.
  5167 | D:6      | Found a staircase to the Ecumenical Temple.
  5169 | D:6      | Reached * piety under Wu Jian
  5220 | D:6      | Reached skill level 5 in Axes
  5955 | D:7      | HP: 2/58 [steam dragon (5)]
  5956 | D:7      | Gained mutation: You are agile. (Dex +4, Str/Int -1)
                  | [potion of mutation]
  5956 | D:7      | Gained mutation: You are frail. (-10% HP) [potion of
                  | mutation]
  5956 | D:7      | Gained mutation: You have a pair of small horns on your
                  | head. [potion of mutation]
  5956 | D:7      | Killed from afar by a steam dragon

Illustrated notes

Levels and vault maps discovered:
D:1:      giann_horns, layout_basic
D:2:      layout_loops_ring, shapermc_ecumenical_altar_gd, uniq_terence
D:3:      layout_loops_corners, mainiacjoe_overflow_alcove_1,
          ebering_ghost_rock_garden
D:4:      layout_basic, lemuel_coloured_pillars_altar, grunt_dithmenos_smoke,
          hangedman_decor_riveting, wad_rectangle_vault
D:5:      layout_loops_ring, kennysheep_nondescript, grunt_decor_one_mirror,
          eino_tiny_chamber, corexii_leaking_fountain, minmay_stone_trees_small,
          uniq_sigmund
D:6:      layout_basic, lemuel_round_altar, minmay_temple_entry_arrows
D:7:      layout_rooms, amethyst_killhole

Skill      XL: |  1  2  3  4  5  6  7  8 |
---------------+-------------------------+-----
Stealth        | 1 2 |  2.0
Fighting       | 3 4 |  4.0
Short Blades   | 3 4 |  4.0
Dodging        | 3 4 |  4.0
Armour         | 2 |  2.0
Axes           | 2 4 5 |  5.8
Maces & Flails | 1 4 |  4.6
Throwing       | 3 4 |  4.0

Action                   |  1- 3 |  4- 6 |  7- 9 || total
-------------------------+-------+-------+-------++-------
Melee: Rapier            |   114 |       |       ||   114
       Punch             |     1 |     2 |     5 ||     8
       Dagger            |       |   223 |       ||   223
       Tailslap          |       |    35 |    22 ||    57
       Hand axe          |       |    36 |   151 ||   187
Throw: Throwing net      |     3 |       |       ||     3
       Javelin           |     1 |       |       ||     1
Invok: Lunge             |       |       |     5 ||     5
  Use: Scroll            |       |     4 |     3 ||     7
       Potion            |       |     1 |     1 ||     2
 Stab: Sleeping          |     6 |     5 |     1 ||    12
       Held in net/web   |     1 |       |       ||     1
Armor: Leather armour    |    28 |    62 |    52 ||   142
Dodge: Dodged            |    61 |    98 |    79 ||   238
Block: Other             |    11 |    29 |    23 ||    63

Table legend: (Time is in decaauts)
 A = Elapsed time spent in this place.
 B = Non-inter-level travel time spent in this place.
 C = Inter-level travel time spent in this place.
 D = Time resting spent in this place.
 E = Time spent auto-exploring this place.
 F = Levels seen in this place.
 G = Mean time per level.
                   A        B        C        D        E       F      G
               +--------+--------+--------+--------+--------+-----+--------+
         Total |   5880 |   5513 |    367 |    266 |   4315 |   7 |  840.0 |
       Dungeon |   5880 |   5513 |    367 |    266 |   4315 |   7 |  840.0 |
               +--------+--------+--------+--------+--------+-----+--------+

Top non-repeatable levels by time:
     D:2: 1197 daAuts
     D:3: 1074 daAuts
     D:6: 1018 daAuts
     D:1: 923 daAuts
     D:5: 829 daAuts
     D:4: 820 daAuts
     D:7: 16 daAuts
